 Dungeon Crawl Stone Soup version 0.26.1-10-gdfb7c7de75 (webtiles) character file.

Game seed: 1530683689992996733

294383 candy the Shatterer (level 20, -1/191 (193) HPs)
             Began as a Minotaur Berserker on Mar 21, 2021.
             Was the Champion of Trog.
             Slain by a death ooze (6 damage)
             ... created by the Royal Jelly
             ... on level 4 of the Pits of Slime on Apr 5, 2021.
             The game lasted 04:36:16 (32770 turns).

candy the Shatterer (Minotaur Berserker)           Turns: 32770, Time: 04:36:17

HP:   -1/191 (193)  AC:  4    Str: 20    XL:     20   Next: 37%
MP:   19/19         EV: 29    Int:  7    God:    Trog [******]
Gold: 2869          SH:  0    Dex: 24    Spells: 19/19 levels left

rFire    + . .     SeeInvis +   P - +8 battleaxe (vamp)
rCold    + . .     Faith    .   (shield currently unavailable)
rNeg     . . .     Spirit   .   S - +0 acid dragon scales
rPois    .         Reflect  .   a - +2 hat of Distant Worlds {Regen+ Int+3}
rElec    .         Harm     .   b - +1 cloak
rCorr    +         Rampage  .   f - +0 pair of gloves
Will     +....                  p - +0 pair of boots
Stlth    ++........             L - amulet of regeneration
HPRegen  1.21/turn              z - ring of Soeplyo {rF+ rC+ Dex+7 SInv}
MPRegen  0.16/turn              I - ring of resist corrosion

@: corroded, studying 2 skills, lightly drained
A: retaliatory headbutt, horns 2, blurry vision 3, weak 2
}: 1/15 runes: serpentine
a: Renounce Religion, Berserk, Trog's Hand, Brothers in Arms


You were on level 4 of the Pits of Slime.
You worshipped Trog.
Trog was exalted by your worship.
You visited 6 branches of the dungeon, and saw 33 of its levels.
You visited 1 bazaar.
You also visited: Ossuary, Bailey and Gauntlet.

You collected 4458 gold pieces.
You spent 1589 gold pieces at shops.

Inventory:

Hand Weapons
 g - the +7 great mace "Firestarter" {inner flame, rF++}
   (Trog gifted it to you on level 1 of the Orcish Mines)

   It has been specially enchanted to burn those struck by it, causing extra
   injury to most foes and up to half again as much damage against particularly
   susceptible opponents.
   It greatly protects you from fire.
 P - a +8 vampiric battleaxe (weapon)
Armour
 a - the +2 hat of Distant Worlds (worn) {Regen+ Int+3}
   (You found it in a Gauntlet)

   It affects your intelligence (+3).
   It increases your rate of regeneration.
 b - a +1 cloak (worn)
 f - a +0 pair of gloves (worn)
 p - a +0 pair of boots (worn)
 q - the +4 crystal plate armour of Inisoqof {rC+ Will+ rCorr}
   (You took it off a deep elf master archer on level 3 of the Elven Halls)

   It protects you from cold.
   It affects your willpower, your defense against some magical effects.
   It provides partial protection from all sources of acid and corrosion.
 N - a +7 plate armour of fire resistance
 S - +0 acid dragon scales (worn)
Jewellery
 d - the ring "Qiroco" {Fire Will+ Str+4 Int-2}
   (You found it on level 5 of the Lair of Beasts)

   [ring of fire]

   It enhances your fire magic.
   It affects your strength (+4).
   It affects your intelligence (-2).
   It protects you from fire.
   It makes you vulnerable to cold.
   It affects your willpower, your defense against some magical effects.
 t - the amulet "Punuo" {Acrobat rPois Str+5 Dex-5 Slay+3}
   (You found it on level 3 of the Elven Halls)

   [amulet of the acrobat]

   It helps you evade while moving and waiting.
   It affects your strength (+5).
   It affects your dexterity (-5).
   It affects your accuracy and damage with ranged weapons and melee attacks
   (+3).
   It protects you from poison.
 y - an uncursed ring of positive energy
 z - the ring of Soeplyo (left hand) {rF+ rC+ Dex+7 SInv}
   (You bought it in a shop on level 2 of the Orcish Mines)

   [ring of see invisible]

   It affects your dexterity (+7).
   It protects you from fire.
   It protects you from cold.
   It lets you see invisible.
 B - the ring of Huivuew {rElec rN+}
   (You found it on level 1 of the Snake Pit)

   [ring of positive energy]

   It insulates you from electricity.
   It protects you from negative energy.
 E - the ring "Motast" {+Fly Str+6}
   (You took it off a deep elf blademaster on level 3 of the Elven Halls)

   [ring of flight]

   It affects your strength (+6).
   It lets you fly.
 H - the ring of Ubeymapp {Ice Int+3}
   (You took it off a wight on level 8 of the Dungeon)

   [ring of ice]

   It enhances your ice magic.
   It affects your intelligence (+3).
   It makes you vulnerable to fire.
   It protects you from cold.
 I - a ring of resist corrosion (right hand)
 L - an amulet of regeneration (around neck)
 Q - the ring "Luchac" {Str+3 Dex+4 Slay+4}
   (You found it on level 3 of the Elven Halls)

   [ring of slaying]

   It affects your strength (+3).
   It affects your dexterity (+4).
   It affects your accuracy and damage with ranged weapons and melee attacks
   (+4).
 R - the ring of Bosapsim {rF+ EV+4 Int+2}
   (You found it on level 1 of the Snake Pit)

   [ring of evasion]

   It affects your evasion (+4).
   It affects your intelligence (+2).
   It protects you from fire.
 U - an uncursed ring of protection from cold
 Y - an uncursed ring of poison resistance
Wands
 s - a wand of disintegration (9)
 A - a wand of iceblast (29)
 C - a wand of flame (86)
 O - a wand of polymorph (31)
 V - a wand of digging (6)
 Z - a wand of paralysis (31)
Scrolls
 h - 3 scrolls of identify
 i - 14 scrolls of teleportation
 j - 6 scrolls of blinking
 l - 14 scrolls of remove curse
 o - 4 scrolls of magic mapping
 D - 4 scrolls of fear
 G - 2 scrolls of holy word
 J - a scroll of enchant armour
 M - a scroll of brand weapon
 W - 3 scrolls of fog
Potions
 c - 7 potions of flight
 e - 3 potions of cancellation
 k - 7 potions of lignification
 m - 13 potions of curing
 n - 2 potions of invisibility
 r - a potion of ambrosia
 u - 7 potions of haste
 v - 2 potions of resistance
 x - a potion of heal wounds
 F - 8 potions of might
 X - 2 potions of berserk rage
Books
 w - a manual of
Armour
 K - a manual of Long Blades


   Skills:
 * Level 20.0 Fighting
 - Level 6.3 Long Blades
 + Level 17.4(21.5) Axes
 - Level 21.5(23.5) Maces & Flails
 + Level 21.4 Armour
 + Level 18.0 Dodging


You had 19 spell levels left.
You didn't know any spells.
Your spell library was empty.

Dungeon Overview and Level Annotations

Branches:
Dungeon (13/15)            Temple (0/1) D:6            Lair (6/6) D:8
  Swamp (0/4) Lair:2        Snake (4/4) Lair:3        Slime (5/5) Lair:5
    Orc (2/2) D:11            Elf (3/3) Orc:2       Ossuary (visited)
 Bailey (visited)         Gauntlet (visited)
 Vaults: D:13-14

Altars:
Cheibriados
Dithmenos
Fedhas
Gozag
Makhleb
Nemelex Xobeh
Qazlal
Sif Muna
Wu Jian
Yredelemnul
Jiyva

Shops:
D:8 *   D:9 (   D:10 (   D:12 *   Orc:2 !*(=*   Snake:1 [(   Snake:4 *

Annotations:
Slime:5 Royal Jelly


Innate Abilities, Weirdness & Mutations

You reflexively headbutt those who attack you in melee.
You have a pair of horns on your head.
Scrolls take you much longer to read.
You are very weak. (Str -4)


Message History

The acid blob spits acid at you. The splash of acid misses you.
The splash of acid hits the death ooze.
The death ooze completely resists.
The acid blob jiggles.
The acid blob hits you.
You are splashed with acid.
You resist. The death ooze closely misses you. The death ooze hits you.
The acid blob misses you. x2; You furiously retaliate!
You headbutt the acid blob, but do no damage.
The death ooze hits you!! The death ooze barely misses you.
The acid blob barely misses you. The acid blob hits you!!
* * * LOW HITPOINT WARNING * * *
You are splashed with acid.
You resist.
* * * LOW HITPOINT WARNING * * *
The death ooze misses you. The death ooze barely misses you.
The acid blob closely misses you. The acid blob hits you!!
* * * LOW HITPOINT WARNING * * *
You are splashed with acid.
You resist.
* * * LOW HITPOINT WARNING * * *
The death ooze misses you. The death ooze hits you.
You die...

....#.##...#.....#
##.....#....#.#.##
###.....#......####
###................##
##...................#
#.................#.##
##.###..............#
#. ##...............#
#.##.......J@J......#
##...........J...#...#
#........<.<........##
##...................#
#....#..^..........##
#..###.........#...#
#... #..........##..
##.# ##.#.#.........
## #####......#..


You could see 2 acid blobs and a death ooze.

Vanquished Creatures
  Rupert (D:13)
  3 deep elf blademasters
  14 acid blobs
  2 deep elf master archers (Elf:3)
  Frances (D:12)
  Roxanne (Elf:3)
  14 nagarajas
  5 azure jellies
  5 deep elf sorcerers
  2 deep elf elementalists (Elf:3)
  An orc warlord (Orc:1)
  The ghost of Xitaol the Ninja, an adept SpEn of Wu Jian (Snake:4)
  The ghost of Adireryl the Fighter, a journeyman HOFi of Beogh (Lair:5)
  Nessos (D:12)
  7 deep elf demonologists (Elf:3)
  8 deep elf annihilators
  A minotaur (Gauntlet)
  3 deep elf death magi (Elf:3)
  The ghost of lis82 the Stormcaller, a journeyman DgAE (D:13)
  The ghost of DearestLeader the Impaler, a journeyman MfIE of Vehumet (Lair:2)
  6 death oozes
  3 great orbs of eyes
  2 hydras
  2 deep elf high priests (Elf:3)
  30 naga warriors
  A catoblepas (D:8)
  2 centaur warriors (D:13)
  An ice dragon (Lair:5)
  A boulder beetle (Lair:5)
  4 ogre magi (Orc:2)
  15 anacondas
  A merfolk avatar (Lair:6)
  23 two-headed ogres
  28 dancing weapons
  25 naga sharpshooters
  A hell hog (Gauntlet)
  5 shock serpents
  An orc high priest (Elf:3)
  21 deep elf knights
  A large abomination (Elf:3)
  A fire crab (Lair:6)
  A sea snake (Lair:6)
  An unseen horror (shapeshifter) (Elf:1)
  An obsidian statue (Snake:4)
  An unseen horror (D:10)
  2 salamander mystics
  9 naga ritualists
  2 wizards (Elf:1)
  The ghost of candy the Cleaver, a novice MiBe of Trog (D:5)
  An orc knight (Bailey)
  2 harpies (Lair:6)
  16 mana vipers
  70 deep elf magi
  17 deep elf archers
  2 orc sorcerers (Orc:1)
  4 shining eyes
  An oklob plant (Snake:3)
  2 manticores (Lair:6)
  2 ugly things
  The ghost of TangoThomas the Vandal, a novice HaAM of Dithmenos (D:6)
  11 salamanders
  21 elephants
  Maurice (D:12)
  22 naga magi
  3 eyes of devastation
  47 black mambas
  3 centaur zombies
  7 guardian serpents
  A gargoyle (D:12)
  Maggie (D:7)
  A small abomination (Elf:3)
  7 rime drakes
  10 cane toads
  13 komodo dragons
  A redback zombie (D:13)
  4 trolls
  3 polar bears
  5 hornets
  25 blink frogs
  70 slime creatures
  A wolf spider simulacrum (D:13)
  3 tyrant leeches
  4 air elementals
  2 centaur simulacra (D:13)
  3 water elementals
  2 wyverns
  A shadow (D:11)
  2 wraiths
  A vampire (D:11)
  2 fire elementals (Elf:1)
  36 yaks
  5 vampire mosquitoes
  Eustachio (D:5)
  A yak (shapeshifter) (D:13)
  2 basilisks
  3 fire bats (Gauntlet)
  12 golden eyes
  Menkaure (D:7)
  A warg (Orc:1)
  3 swamp worms
  A hydra simulacrum (Lair:5)
  82 nagas
  An acid dragon (D:13)
  25 water moccasins
  2 hell hounds (Gauntlet)
  A spectral hornet (D:13)
  An ice beast (D:6)
  29 ogres
  A black bear (shapeshifter) (D:8)
  A hornet zombie (D:13)
  27 orc warriors
  8 sky beasts
  A boulder beetle simulacrum (Lair:5)
  3 eyes of draining
  6 wolves
  3 phantoms
  2 black mamba simulacra (Lair:5)
  4 necrophages
  17 centaurs
  A boggart (Elf:1)
  4 big kobolds
  An elf zombie (D:7)
  18 bullfrogs
  2 gnoll sergeants
  A wyvern zombie (D:13)
  4 earth elementals
  A troll zombie (D:7)
  2 water moccasin skeletons
  A wyvern skeleton (D:12)
  The ghost of candy the Chopper, a weakling MiBe of Trog (D:3)
  4 scorpions
  14 killer bees
  28 wights
  5 howler monkeys
  3 electric eels
  A rime drake simulacrum (Lair:5)
  A quasit (D:8)
  A wyvern simulacrum (D:13)
  A bullfrog zombie (D:11)
  A komodo dragon simulacrum (Lair:5)
  4 centaur skeletons
  4 human zombies (D:7)
  14 jellies
  8 orc priests
  8 hounds
  17 orc wizards
  3 bullfrog skeletons
  Jessica (D:4)
  3 iguanas
  A human skeleton (D:7)
  16 hell rats
  9 worker ants
  A killer bee zombie (D:7)
  A hound zombie (D:7)
  9 mummies
  4 hound skeletons
  3 worker ant zombies
  15 adders
  19 gnolls
  A howler monkey skeleton (D:5)
  3 shadow imps
  3 white imps
  An ufetubus (D:6)
  5 oozes
  A spectral adder (D:6)
  3 adder skeletons
  An adder zombie (D:8)
  8 worms
  4 dart slugs
  8 leopard geckos
  68 orcs
  6 giant cockroaches
  2 gnoll zombies (Ossuary)
  3 goblins
  6 hobgoblins
  A quokka (D:6)
  5 ball pythons
  3 bats
  8 frilled lizards
  A hobgoblin zombie (D:4)
  21 kobolds
  2 kobold zombies (Ossuary)
  An orc skeleton (D:7)
  5 orc zombies
  A quokka skeleton (D:4)
  7 rats
  A crawling corpse (Elf:3)
1354 creatures vanquished.

Vanquished Creatures (others)
  A deep elf knight (Elf:1)
  A black mamba (Snake:4)
  21 demonic plants (Gauntlet)
  41 fungi
  55 plants
119 creatures vanquished.

Grand Total: 1473 creatures vanquished

Notes
Turn   | Place    | Note
-------+----------+-------------------------------------------
     0 | D:1      | candy the Minotaur Berserker began the quest for the Orb.
     0 | D:1      | Reached XP level 1. HP: 19/19 MP: 0/0
   112 | D:1      | Reached XP level 2. HP: 27/27 MP: 1/1
   690 | D:2      | Reached XP level 3. HP: 32/33 MP: 2/2
   714 | D:2      | Reached ** piety under Trog
  1053 | D:2      | Reached XP level 4. HP: 40/41 MP: 3/3
  1512 | D:3      | Reached skill level 5 in Long Blades
  1654 | D:3      | Reached XP level 5. HP: 47/47 MP: 4/4
  2058 | D:3      | Found a transporter.
  2058 | D:3      | Identified the +8 dire flail of Tenacity {flame, Will+
                  | Dex+3 Stlth-}
  2058 | D:3      | Noticed an ogre
  2058 | D:3      | Noticed candy's ghost (weakling MiBe)
  2059 | D:3      | Noticed an ogre
  2060 | D:3      | Found a transporter.
  2071 | D:3      | Killed candy's ghost
  2074 | D:3      | Killed an ogre
  2075 | D:3      | Reached skill level 5 in Fighting
  2075 | D:3      | Reached XP level 6. HP: 56/56 MP: 5/5
  2533 | D:3      | Reached *** piety under Trog
  2706 | D:4      | Reached skill level 1 in Maces & Flails
  2733 | D:4      | Found a sand-covered staircase.
  2738 | Ossuary  | Entered an ossuary
  2755 | Ossuary  | Reached XP level 7. HP: 51/61 MP: 6/6
  3176 | D:4      | Found a stormy altar of Qazlal.
  3329 | D:4      | Found a sparkling altar of Nemelex Xobeh.
  3329 | D:4      | Noticed Jessica
  3331 | D:4      | Killed Jessica
  3331 | D:4      | Reached **** piety under Trog
  3382 | D:4      | Reached skill level 5 in Armour
  3697 | D:5      | Entered Level 5 of the Dungeon
  3785 | D:5      | Noticed Eustachio
  3795 | D:5      | Reached XP level 8. HP: 67/70 MP: 7/7
  3802 | D:5      | Killed Eustachio
  3803 | D:5      | Reached skill level 5 in Maces & Flails
  3803 | D:5      | Reached skill level 5 in Dodging
  4196 | D:5      | Found a runed translucent gate.
  4197 | D:5      | Found a runed translucent gate.
  4198 | D:5      | Found a runed translucent gate.
  4200 | D:5      | Noticed candy's ghost (novice MiBe)
  4217 | D:5      | Killed candy's ghost
  4645 | D:6      | Noticed a deep elf mage
  4680 | D:6      | Killed a deep elf mage
  4681 | D:6      | Reached XP level 9. HP: 24/79 MP: 8/8
  4991 | D:6      | Found a shadowy altar of Dithmenos.
  5084 | D:6      | Found a staircase to the Ecumenical Temple.
  5188 | D:6      | Found an ornate altar of the Wu Jian Council.
  5340 | D:6      | Found a transporter.
  5370 | D:6      | Found a transporter.
  5371 | D:6      | Noticed TangoThomas's ghost (novice HaAM)
  5406 | D:6      | Killed TangoThomas's ghost
  5732 | D:7      | Reached ***** piety under Trog
  5861 | D:7      | Reached XP level 10. HP: 75/90 MP: 9/9
  6005 | D:7      | Found a basalt altar of Yredelemnul.
  6120 | D:7      | Reached skill level 10 in Maces & Flails
  6316 | D:7      | Noticed Maggie
  6324 | D:7      | Killed Maggie
  6584 | D:7      | Noticed Menkaure
  6590 | D:7      | Killed Menkaure
  7542 | D:8      | Noticed a catoblepas
  7555 | D:8      | Killed a catoblepas
  7555 | D:8      | Received a gift from Trog
  7685 | D:8      | Identified the ring of Ubeymapp {Ice Int+3}
  7851 | D:8      | Noticed a two-headed ogre
  7855 | D:8      | Killed a two-headed ogre
  7889 | D:8      | Noticed a two-headed ogre
  7894 | D:8      | Killed a two-headed ogre
  7895 | D:8      | Reached skill level 10 in Fighting
  7895 | D:8      | Reached XP level 11. HP: 93/99 MP: 10/10
  8002 | D:8      | Identified the Almanac of Objectivity
  8058 | D:8      | Found Nurphoju's Assorted Antiques.
  8067 | D:8      | Bought a runed plate armour for 676 gold pieces
  8232 | D:8      | Found a staircase to the Lair.
  8366 | Lair:1   | Entered Level 1 of the Lair of Beasts
  8366 | Lair:1   | Found a gate leading to a gauntlet.
  8414 | Gauntlet | Entered a Gauntlet
  8414 | Gauntlet | Found a transporter.
  8414 | Gauntlet | Found a transporter.
  8418 | Gauntlet | Found a transporter.
  8418 | Gauntlet | Found a transporter.
  8426 | Gauntlet | Noticed a hell hog
  8453 | Gauntlet | Found a transporter.
  8461 | Gauntlet | Noticed a hell hog
  8463 | Gauntlet | Found a transporter.
  8463 | Gauntlet | Found a transporter.
  8509 | Gauntlet | Found a transporter.
  8618 | Gauntlet | Found a transporter.
  8632 | Gauntlet | Found a transporter.
  8661 | Gauntlet | Got an ancient hunting sling
  8673 | Gauntlet | Found a transporter.
  8695 | Gauntlet | Killed a hell hog
  8696 | Gauntlet | Reached skill level 10 in Armour
  8726 | Gauntlet | Noticed a minotaur
  8740 | Gauntlet | Killed a minotaur
  8751 | Gauntlet | Got a faintly glowing amber ring
  8770 | Gauntlet | Identified the ring "Anadimyi" {Fire rN+ Int+9 Dex+3} (You
                  | found it in a Gauntlet)
  8775 | Gauntlet | Identified the Collected Works on Malediction
  8778 | Gauntlet | Got a slimy hat
  8784 | Gauntlet | Identified the +2 hat of Distant Worlds {Regen+ Int+3} (You
                  | found it in a Gauntlet)
  9925 | Lair:2   | Noticed a seven-headed hydra
  9935 | Lair:2   | Killed a seven-headed hydra
 10019 | Lair:2   | Reached XP level 12. HP: 110/110 MP: 11/11
 10056 | Lair:2   | Reached skill level 10 in Dodging
 10196 | Lair:2   | Found a runed translucent gate.
 10196 | Lair:2   | Found a runed translucent gate.
 10197 | Lair:2   | Found a runed translucent gate.
 10271 | Lair:2   | Noticed DearestLeader's ghost (journeyman MfIE)
 10272 | Lair:2   | Noticed a death ooze
 10279 | Lair:2   | Found a viscous altar of Jiyva.
 10290 | Lair:2   | Killed a death ooze
 10305 | Lair:2   | Killed DearestLeader's ghost
 10461 | Lair:2   | Found a staircase to the Swamp.
 11001 | Lair:3   | Found a staircase to the Snake Pit.
 11113 | Lair:3   | Found a burning altar of Makhleb.
 11306 | Lair:3   | Reached skill level 15 in Maces & Flails
 11562 | Lair:4   | Reached XP level 13. HP: 111/118 MP: 12/12
 12444 | Lair:5   | Found a staircase to the Slime Pits.
 12609 | Lair:5   | Found a runed translucent gate.
 12609 | Lair:5   | Found a runed translucent gate.
 12609 | Lair:5   | Found a runed translucent gate.
 12720 | Lair:5   | Noticed Adireryl's ghost (journeyman HOFi)
 12755 | Lair:5   | Killed Adireryl's ghost
 12929 | Lair:5   | Received a gift from Trog
 13041 | Lair:5   | Got the ring "Qiroco" {Fire}
 13203 | Lair:6   | Entered Level 6 of the Lair of Beasts
 13213 | Lair:6   | Reached ****** piety under Trog
 13286 | Lair:6   | Found a dark tunnel.
 13425 | Lair:6   | Upgraded the game from 0.26.1-2-gb8aa6d0cf2 to
                  | 0.26.1-10-gdfb7c7de75
 13583 | Lair:6   | Reached XP level 14. HP: 120/129 MP: 13/13
 13747 | Lair:6   | Received a gift from Trog
 14115 | Lair:6   | Identified the Guide on Conjuration
 14486 | Snake:1  | Entered Level 1 of the Snake Pit
 14568 | Snake:1  | Found a transporter.
 14984 | Snake:1  | Reached skill level 15 in Armour
 15004 | Snake:1  | Found a transporter.
 15056 | Snake:1  | Paralysed by a Zot trap for 4 turns
 15158 | Snake:1  | Got a bound marble ring
 15161 | Snake:1  | Got a smelly plate armour
 15172 | Snake:1  | Identified the cursed +0 plate armour "Beyliutiv" {rPois}
                  | (You found it on level 1 of the Snake Pit)
 15194 | Snake:1  | Got a shimmering falchion
 15197 | Snake:1  | Got a heavily runed jade ring
 15199 | Snake:1  | Identified the ring of Bosapsim {rF+ EV+4 Int+2} (You found
                  | it on level 1 of the Snake Pit)
 15201 | Snake:1  | Identified the ring of Huivuew {rElec rN+} (You found it on
                  | level 1 of the Snake Pit)
 15336 | Snake:1  | Found Gobb's Antique Armour Boutique.
 15344 | Snake:1  | Found Nauku's Weapon Boutique.
 15461 | Snake:1  | Received a gift from Trog
 15963 | Snake:2  | Reached XP level 15. HP: 139/139 MP: 14/14
 16452 | Snake:2  | Found a blossoming altar of Fedhas.
 16885 | Snake:2  | Found a snail-covered altar of Cheibriados.
 17061 | Snake:3  | Received a gift from Trog
 17170 | Snake:3  | Reached skill level 15 in Fighting
 17710 | Snake:3  | Noticed a nagaraja
 17726 | Snake:3  | Killed a nagaraja
 17922 | Snake:3  | Noticed a nagaraja
 17935 | Snake:3  | Killed a nagaraja
 18002 | Snake:3  | Reached XP level 16. HP: 34/149 MP: 15/15
 18462 | Snake:4  | Entered Level 4 of the Snake Pit
 18561 | Snake:4  | Found a runed translucent gate.
 18561 | Snake:4  | Found a runed translucent gate.
 18561 | Snake:4  | Found a runed translucent gate.
 18563 | Snake:4  | Found an opulent altar of Gozag.
 18565 | Snake:4  | Noticed Xitaol's ghost (adept SpEn)
 18580 | Snake:4  | Received a gift from Trog
 18586 | Snake:4  | Killed Xitaol's ghost
 19687 | Snake:4  | Received a gift from Trog
 19719 | Snake:4  | Got a serpentine rune of Zot
 19865 | Snake:4  | Found Wusesei's General Store.
 19872 | Snake:4  | Bought a scroll of enchant armour for 127 gold pieces
 19872 | Snake:4  | Bought a scroll of enchant weapon for 127 gold pieces
 19885 | Snake:4  | Reached skill level 15 in Dodging
 20055 | Snake:4  | Reached XP level 17. HP: 158/159 MP: 16/16
 20940 | Snake:4  | Received a gift from Trog
 21127 | Lair:3   | Identified the cursed +1 falchion "Mith" {vorpal, +Fly
                  | Will+ Stlth-} (You found it on level 1 of the Snake Pit)
 21294 | D:9      | Found Liaj's Weapon Boutique.
 21878 | D:10     | Entered Level 10 of the Dungeon
 22003 | D:10     | Found Tigidgh's Antique Weapon Boutique.
 22661 | D:11     | Found a staircase to the Orcish Mines.
 22715 | Orc:1    | Entered Level 1 of the Orcish Mines
 22733 | Orc:1    | Paralysed by an orc sorcerer for 2 turns
 22735 | Orc:1    | Received a gift from Trog
 22736 | Orc:1    | Reached skill level 1 in Axes
 22736 | Orc:1    | Found the +7 great mace "Firestarter" {inner flame, rF++}
 23147 | Orc:2    | Entered Level 2 of the Orcish Mines
 23173 | Orc:2    | Found Wuimill's General Store.
 23427 | Orc:2    | Found Cerrove's Assorted Antiques.
 23427 | Orc:2    | Found Iliono Nuse's Jewellery Emporium.
 23439 | Orc:2    | Found Leaph's Distillery.
 23439 | Orc:2    | Found Askeiqid's Antique Weapon Boutique.
 23452 | Orc:2    | Reached skill level 5 in Axes
 23505 | Orc:2    | Bought the ring of Soeplyo {rF+ rC+ Dex+7 SInv} for 659
                  | gold pieces
 23620 | Orc:2    | Found a staircase to the Elven Halls.
 23670 | Elf:1    | Entered Level 1 of the Elven Halls
 23707 | Elf:1    | Received a gift from Trog
 23908 | Elf:1    | Reached XP level 18. HP: 170/170 MP: 17/17
 23968 | Elf:1    | Reached skill level 10 in Axes
 24062 | Elf:1    | Found a shimmering blue altar of Sif Muna.
 24126 | Elf:1    | Received a gift from Trog
 24378 | Elf:1    | Found a flickering gateway to a bazaar.
 24494 | Bazaar   | Entered a bazaar
 24494 | Bazaar   | Found Beloc's Weapon Shoppe.
 24494 | Bazaar   | Found Nukecab's Jewellery Emporium.
 24496 | Bazaar   | Found Ilarerru's Gadget Shoppe.
 24514 | Bazaar   | Found Alosutuo's Armour Emporium.
 25035 | Elf:2    | Found a huge runed translucent gate.
 25035 | Elf:2    | Found a huge runed translucent gate.
 25035 | Elf:2    | Found a huge runed translucent gate.
 25037 | Elf:2    | Found a huge runed translucent gate.
 25038 | Elf:2    | Found a huge runed translucent gate.
 25779 | Elf:2    | Received a gift from Trog
 26030 | Elf:3    | Entered Level 3 of the Elven Halls
 26047 | Elf:3    | Identified Roxanne's Tome of Clay
 26047 | Elf:3    | Noticed Roxanne
 26158 | Elf:3    | Killed Roxanne
 26466 | Elf:3    | Received a gift from Trog
 26758 | Elf:3    | Reached skill level 15 in Axes
 26938 | Elf:3    | Reached XP level 19. HP: 173/179 MP: 18/18
 26966 | Elf:3    | Noticed a Brimstone Fiend
 27027 | Elf:3    | Noticed a Brimstone Fiend
 27110 | Elf:3    | Identified the ring "Motast" {+Fly Str+6}
 27401 | Elf:3    | Received a gift from Trog
 27427 | Elf:3    | Identified the +4 crystal plate armour of Inisoqof {rC+
                  | Will+ rCorr}
 27478 | Elf:3    | Got a coiled ruby amulet
 27490 | Elf:3    | Got a faintly glowing jade ring
 27530 | Elf:3    | Identified the amulet "Punuo" {Acrobat rPois Str+5 Dex-5
                  | Slay+3} (You found it on level 3 of the Elven Halls)
 27531 | Elf:3    | Identified the ring "Luchac" {Str+3 Dex+4 Slay+4} (You
                  | found it on level 3 of the Elven Halls)
 28670 | D:12     | Noticed Maurice
 28680 | D:12     | Killed Maurice
 28933 | D:12     | Found Tauny's Assorted Antiques.
 28961 | D:12     | Noticed Nessos
 28965 | D:12     | Noticed Frances
 28994 | D:12     | Killed Nessos
 29084 | D:12     | Killed Frances
 29530 | D:13     | Noticed Rupert
 29545 | D:13     | Killed Rupert
 29573 | D:13     | Found a runed translucent gate.
 29573 | D:13     | Found a runed translucent gate.
 29574 | D:13     | Found a runed translucent gate.
 29576 | D:13     | Noticed lis82's ghost (journeyman DgAE)
 29577 | D:13     | Found the +0 mask of the Dragon {Will+ Slay+3 SInv}
 29591 | D:13     | Received a gift from Trog
 29610 | D:13     | Killed lis82's ghost
 29855 | D:13     | Found a flagged portal.
 29864 | Bailey   | Entered a bailey
 30936 | Slime:1  | Entered Level 1 of the Pits of Slime
 30994 | Slime:1  | HP: 8/182 [acid (4)]
 31222 | Slime:2  | Received a gift from Trog
 31275 | Slime:4  | Gained mutation: You are frail. (-10% HP) [a shining eye]
 31277 | Slime:4  | Gained mutation: Scrolls take you a little longer to read.
                  | [a shining eye]
 31283 | Slime:4  | Gained mutation: You are weak. (Str -2) [a shining eye]
 31304 | Slime:4  | Gained mutation: Scrolls take you longer to read. [a
                  | shining eye]
 31316 | Slime:4  | Gained mutation: Scrolls take you much longer to read. [a
                  | shining eye]
 31318 | Slime:4  | Gained mutation: You are very weak. (Str -4) [a shining
                  | eye]
 31321 | Slime:4  | Lost mutation: You are frail. (-10% HP) [a shining eye]
 31395 | Slime:5  | Entered Level 5 of the Pits of Slime
 31572 | Slime:5  | Reached XP level 20. HP: 139/191 MP: 19/19
 32058 | Slime:5  | Received a gift from Trog
 32108 | Slime:5  | Paralysed by a great orb of eyes for 4 turns
 32264 | Slime:5  | Found a viscous altar of Jiyva.
 32272 | Slime:5  | Found the +8 demon trident "Rift" {distort, reach+}
 32488 | Slime:5  | Noticed the Royal Jelly
 32770 | Slime:4  | HP: 7/191 [acid blob[the Royal Jelly] (18)]
 32770 | Slime:4  | Slain by a death ooze

Illustrated notes

Levels and vault maps discovered:
D:1:      sevenhm_arrival_forest_fort_small_3, layout_loops_ring
D:2:      layout_basic, minmay_misc_feat_square
D:3:      layout_loops_ring, gammafunk_ghost_smash, minmay_misc_feat_hallway
D:4:      layout_loops_cross, lemuel_doored_altar, nicolae_ossuary_entry_giza,
          nemelex_lonely_heart_becter
D:5:      layout_basic, gammafunk_ghost_necromancy, uniq_eustachio
D:6:      layout_rooms, lemuel_round_altar, lemuel_round_altar,
          minmay_temple_entry_waves, gammafunk_ghost_mausoleum,
          grunt_decor_resistance, guppyfry_early_elven_hall
D:7:      layout_loops_corners, lemuel_mausoleum_altar_yredelemnul,
          patterned_corridor, uniq_menkaure, uniq_maggie
D:8:      minmay_the_grid_octo_triangle [minmay_the_grid_octo_pinwheel,
          minmay_the_grid_octo_prize_square_snowflake,
          minmay_the_grid_octo_odd_swirl], layout_rooms, lair_entry_dummy,
          serial_shops, nicolae_shop_overgrown_old_shop,
          hangedman_abyss_or_decor_stagger
D:9:      layout_roguey, serial_shops, shop_statue, kennysheep_generic_room_13
D:10:     layout_layer_cave, serial_shops, shop
D:11:     layout_gridville, orc_0_dummy
D:12:     layout_gridville, serial_shops, shop, serial_park_tiny_pond,
          uniq_frances, uniq_maurice, uniq_nessos
D:13:     layout_loops_ring, enter_bailey_8, gammafunk_ghost_necromancy,
          billiards_dpeg, uniq_rupert
Lair:1:   layout_chaotic_city, gauntlet_entry_generic, serial_bayou_pond_d,
          wad_woods_river_04, lemuel_fruit_tree, serial_bayou_shore_a,
          grunt_megastairs_1
Lair:2:   layout_regular_city, minmay_swamp_entry_worms, gammafunk_ghost_ooze,
          infiniplex_staircase_pool
Lair:3:   layout_regular_city, guppyfry_snake_entry_garden, basic_altar
Lair:4:   layout_regular_city
Lair:5:   layout_regular_city, nicolae_slime_entry_slimehenge,
          gammafunk_ghost_icy, grunt_megastairs_5
Lair:6:   gammafunk_lair_ancient_temple, layout_regular_city, enter_volcano_2
Snake:1:  gammafunk_its_a_trap, layout_onion, minmay_shop_star
Snake:2:  layout_grid_maze, drop_trap, st_stairs_4, hangedman_feature_mirror
Snake:3:  minmay_snake_river, layout_cave_pods, st_stairs_11,
          dpeg_stationary_puzzle
Snake:4:  grunt_snake_rune_spirals, layout_onion, serial_shops, shop,
          ebering_ghost_gozag
Slime:1:  layout_caves
Slime:2:  layout_caves
Slime:3:  layout_caves
Slime:4:  layout_caves
Slime:5
Orc:1:    layout_diamond_mine
Orc:2:    st_orc_ogre_mass, layout_diamond_mine, serial_shops,
          nicolae_shop_competitors_out_of_business
Elf:1:    layout_geoelf_grid, serial_shops, bzr_entry_dummy, basic_altar,
          hangedman_elf_disciples, evilmike_ambush [evilmike_ambush_outer_doors,
          evilmike_ambush_inner_basic]
Elf:2:    layout_geoelf_grid, hangedman_decor_cross_pass
Elf:3:    elf_hall_gauntlet_narrow, layout_geoelf_castle, uniq_roxanne

Skill      XL: |  1  2  3  4  5  6  7  8  9 10 11 12 13 14 15 16 17 18 19 20 |
---------------+-------------------------------------------------------------+-----
Fighting       | 4 5 6 7 8 10 11 12 13 14 15 16 17 18 19 20 | 20.0
Long Blades    | 4 5 6 |  6.3
Armour         | 3 4 5 7 8 9 10 12 13 15 17 18 19 20 21 | 21.4
Dodging        | 3 4 6 7 8 9 11 12 13 14 15 16 17 18 | 18.0
Maces & Flails | 2 4 7 9 11 13 15 16 18 19 21 | 21.5
Axes           | 9 15 17 | 17.4

Action                   |  1- 3 |  4- 6 |  7- 9 | 10-12 | 13-15 | 16-18 | 19-21 || total
-------------------------+-------+-------+-------+-------+-------+-------+-------++-------
Melee: Falchion          |    54 |    71 |       |       |       |       |       ||   125
       Headbutt          |    14 |    20 |    31 |   135 |   265 |   413 |   280 ||  1158
       Dire flail        |       |    35 |   177 |   463 |   925 |   692 |       ||  2292
       Battleaxe         |       |       |       |       |       |   613 |   696 ||  1309
Invok: Berserk           |     1 |     2 |     3 |     1 |     1 |     3 |     2 ||    13
       Trog's Hand       |       |       |     1 |       |     1 |     5 |     1 ||     8
       Brothers in Arms  |       |       |       |       |       |     1 |       ||     1
  Use: Scroll            |       |       |       |     9 |    16 |    14 |    15 ||    54
       Potion            |       |       |       |       |       |     3 |     3 ||     6
 Stab: Sleeping          |       |       |       |       |       |       |     2 ||     2
       Distracted        |       |       |       |       |       |       |     1 ||     1
Armor: Animal skin       |     2 |       |       |       |       |       |       ||     2
       Ring mail         |    24 |    23 |    37 |     9 |       |       |       ||    93
       Swamp dragon scal |       |       |       |    21 |       |       |       ||    21
       Plate armour      |       |       |       |   124 |   357 |   613 |   123 ||  1217
       Acid dragon scale |       |       |       |       |       |       |    81 ||    81
Dodge: Dodged            |    35 |    74 |    89 |   268 |   526 |  1082 |   672 ||  2746
       Rpst.: Falchion   |     9 |    11 |       |       |       |       |       ||    20
